 Dungeon Crawl Stone Soup version 0.19.1 (webtiles) character file.

100099 Bekkur the Fencer (level 15, -3/119 HPs)
             Began as a Demonspawn Gladiator on Nov 19, 2016.
             Was an Elder of Uskayaw.
             Succumbed to an emperor scorpion's poison
             ... on level 4 of the Spider Nest on Nov 25, 2016.
             The game lasted 01:55:08 (28511 turns).

Bekkur the Fencer (Demonspawn Gladiator)           Turns: 28511, Time: 01:55:09

Health: -3/119     AC: 20    Str: 27    XL:     15   Next: 79%
Magic:  5/20       EV: 23    Int: 14    God:    Uskayaw [****..]
Gold:   1709       SH: 21    Dex: 25    Spells: 0 memorised, 14 levels left

rFire  . . .     SeeInvis .     a - +9 falchion (freeze)
rCold  . . .     Gourm    .     M - +0 pearl dragon scales
rNeg   + + .     Faith    .     m - +2 large shield of Generosity {rPois Int+4}
rPois  +         Spirit   +     P - +2 hat of the Bear Spirit {Spirit, +Rage rN+ MR++}
rElec  .         Reflect  .     (no cloak)
rCorr  .         Harm     .     p - +2 pair of gloves
MR     +++..     Clarity  +     (no boots)
Stlth  ++........               I - amulet of rage
                                o - ring of poison resistance
                                k - +5 ring of strength

@: mighty, agile, lethally poisoned (-3 -> -42), exhausted, slowed, very slow
A: hooves 1, horns 2, thin skeletal structure 1, clarity, sense surroundings 1,
powered by pain 1, shaggy fur 1, evolution 1, magic shield
a: Stomp, Line Pass, Renounce Religion, Evoke Berserk Rage


You were on level 4 of the Spider Nest.
You worshipped Uskayaw.
Uskayaw was noncommittal.
You were hungry.

You visited 5 branches of the dungeon, and saw 26 of its levels.

You collected 1902 gold pieces.
You spent 193 gold pieces at shops.

Inventory:

Hand Weapons
 a - a +9 falchion of freezing (weapon)
 b - a +2 scimitar of flaming
 j - a +1 vampiric long sword
Missiles
 d - 5 throwing nets (quivered)
Armour
 m - the +2 large shield of Generosity (worn) {rPois Int+4}
   (You found it on level 4 of the Lair of Beasts)

   It affects your intelligence (+4).
   It protects you from poison.
 p - a +2 pair of gloves (worn)
 M - +0 pearl dragon scales (worn)
 P - the +2 hat of the Bear Spirit (worn) {Spirit, +Rage rN+ MR++}
   (You found it on level 10 of the Dungeon)

   It protects you from negative energy.
   It affects your resistance to hostile enchantments.
   It lets you go berserk.
 R - the +1 robe "Jimnacvyow" {rElec MR+ Int-3 Slay+3}
   (You found it on level 11 of the Dungeon)

   It affects your intelligence (-3).
   It affects your accuracy and damage with ranged weapons and melee attacks
   (+3).
   It insulates you from electricity.
   It affects your resistance to hostile enchantments.
Jewellery
 e - a +3 ring of strength
 k - a +5 ring of strength (left hand)
 o - a ring of poison resistance (right hand)
 y - an uncursed ring of resist corrosion {unknown}
 I - an amulet of rage (around neck)
 L - an uncursed ring of magical power {unknown}
Wands
 l - a wand of acid (3/15)
 q - a wand of flame (21/48)
 v - a wand of lightning (0/15)
 z - a wand of disintegration (0/24)
 N - a wand of paralysis (12/24)
 U - a wand of paralysis (15/24)
 X - a wand of acid (0/15)
 Z - a wand of enslavement (11/24)
Scrolls
 c - 2 scrolls of enchant weapon
 h - 10 scrolls of remove curse
 n - 5 scrolls of blinking
 r - 4 scrolls of recharging
 t - a scroll of summoning
 w - a scroll of enchant armour
 D - 3 scrolls of magic mapping
 G - 8 scrolls of identify
 K - 3 scrolls of fear
 O - a scroll of fog
 V - 10 scrolls of teleportation
Potions
 s - a potion of curing
 F - a potion of mutation
 H - 2 potions of brilliance
 J - a potion of resistance
 S - 2 potions of flight
 W - a potion of invisibility
Miscellaneous
 u - a disc of storms
Comestibles
 f - 11 bread rations
 g - 10 royal jellies
 x - 9 meat rations
 A - 3 chunks of flesh


   Skills:
 - Level 11.6 Fighting
 + Level 15.5 Long Blades
 - Level 1.7 Throwing
 - Level 9.0 Armour
 - Level 12.1 Dodging
 - Level 10.0 Shields
 - Level 7.6 Invocations


You had 14 spell levels left.
You didn't know any spells.

Dungeon Overview and Level Annotations

Branches:
Dungeon (13/15)            Temple (1/1) D:7            Lair (6/6) D:10
  Swamp (0/4) Lair:2       Spider (4/4) Lair:2          Orc (2/2) D:11
    Elf (0/3) Orc:2
  Slime: Lair:5-6    Vaults: D:13-14

Altars:
Ashenzari
Cheibriados
Dithmenos
Elyvilon
Fedhas
Gozag
Hepliaklqana
Kikubaaqudgha
Makhleb
Nemelex Xobeh
Okawaru
Qazlal
Ru
Sif Muna
Trog
Uskayaw
Vehumet
Xom
Yredelemnul
Zin
The Shining One

Shops:
D:9 %   D:12 =   Orc:2 %[?=*


Innate Abilities, Weirdness & Mutations

You have a pair of horns on your head.
You have a somewhat thin skeletal structure. (Dex +2, Stealth)
You sometimes gain a little power by taking damage.
When hurt, damage is shared between your health and your magic reserves.
You have large cloven feet.
You possess an exceptional clarity of mind.
You passively map a small area around you.
You are covered in fur. (AC +1)
You evolve.


Message History

You are too berserk!
* * * LOW HITPOINT WARNING * * *
You feel very sick. You block the tarantella's attack.
The wolf spider hits you but does no damage.
The wolf spider misses you.
You feel a strong urge to attack something.
You found a web!
* * * LOW HITPOINT WARNING * * *
You feel sick.
You are no longer berserk.
You are exhausted.
You feel yourself slow down.
* * * LOW HITPOINT WARNING * * *
You feel very sick.
Evoke which item? (* to show all) (? for menu, Esc to quit)
Okay, then.
Evoke which item? (* to show all) (? for menu, Esc to quit)
The disc glows for a moment, then fades.
You die...

**
,#....................^
.#....#....#^....#^#..#
........................
..#...#....#.....#.....
*
#.#.#...#...^..#.......#
<.^..^..^..#.........#.
......ss.....#.#......
......#s........#..... ,
.#^#..#@..........#... ,
....#....###.#....#...
.......#........#...,
..#..........#.....# ,
.#....#..#^......., , *
.....# ##..... , * #####
* ##### *


You could see an emperor scorpion, a wolf spider and a tarantella.

Vanquished Creatures
  Arachne (Spider:3)
  Gastronok (Lair:2)
  Kirke (Spider:1)
  3 emperor scorpions (Spider:3)
  2 entropy weavers (Spider:1)
  Azrael (D:13)
  3 dire elephants (Lair:6)
  An anaconda (Lair:6)
  3 hydras
  A centaur warrior (D:12)
  An orc high priest (Orc:2)
  Pikel (D:7)
  5 hill giants
  17 orb spiders
  4 orc sorcerers (Orc:2)
  24 wolf spiders
  2 ugly things (D:12)
  10 elephants
  3 cyclopes (D:11)
  2 moths of wrath
  A black mamba (Lair:3)
  Psyche (D:9)
  Joseph (D:7)
  9 komodo dragons
  7 spiny frogs
  4 torpor snails
  The ghost of bullock the Magician, a novice OpWz (D:6)
  2 kobold demonologists (D:12)
  10 demonic crawlers
  An efreet (D:13)
  A two-headed ogre (D:13)
  3 trolls
  27 jumping spiders
  A dream sheep (Lair:5)
  16 blink frogs
  4 hippogriffs
  5 hornets
  A meliai zombie (D:11)
  51 redbacks
  23 tarantellas
  A wyvern (D:8)
  33 yaks
  3 spriggans (Lair:1)
  6 humans (Spider:1)
  A hungry ghost (D:10)
  2 fire elementals (D:12)
  Grum (D:9)
  9 vampire mosquitoes
  A mottled dragon (D:12)
  6 water moccasins
  9 porcupines
  6 hell hounds
  Duvessa (D:4)
  4 ice beasts
  5 sky beasts
  20 orc warriors
  5 black bears
  2 eyes of draining
  2 phantoms
  10 wolves
  8 centaurs
  9 ogres
  10 crocodiles
  3 big kobolds
  11 bullfrogs
  A gnoll sergeant (D:5)
  Dowan (D:4)
  A water moccasin zombie (D:8)
  8 scorpions
  18 killer bees
  A water moccasin skeleton (D:9)
  4 wights
  8 howler monkeys
  3 crimson imps
  A bullfrog zombie (D:7)
  25 orc priests
  6 hounds
  7 jellies
  A bullfrog skeleton (D:12)
  32 orc wizards
  3 iguanas
  5 worker ants
  2 hound skeletons
  A worker ant zombie (D:6)
  A howler monkey zombie (D:8)
  9 adders
  7 gnolls
  5 shadow imps
  5 oozes (D:8)
  An adder skeleton (D:4)
  2 worms
  3 dart slugs
  8 leopard geckos
  77 orcs
  3 ball pythons
  5 giant cockroaches
  6 goblins
  3 hobgoblins
  10 jackals
  11 quokkas
  8 bats
  8 frilled lizards
  27 kobolds
  2 leopard gecko skeletons
  A quokka skeleton (D:8)
  7 rats
  3 plants (Lair:6)
763 creatures vanquished.

Vanquished Creatures (others)
  2 wolf spiders (Spider:1)
  A jumping spider (Spider:4)
  8 fungi
  4 plants
15 creatures vanquished.

Grand Total: 778 creatures vanquished

Notes
Turn   | Place    | Note
-------+----------+-------------------------------------------
     0 | D:1      | Bekkur the Demonspawn Gladiator began the quest for the Orb.
     0 | D:1      | Reached XP level 1. HP: 16/16 MP: 1/1
    50 | D:1      | Reached skill level 3 in Long Blades
   195 | D:1      | Gained mutation: When hurt, damage is shared between your health and your magic reserves. [demonic ancestry]
   195 | D:1      | Reached XP level 2. HP: 22/22 MP: 2/2
   583 | D:2      | Reached XP level 3. HP: 15/27 MP: 1/3
   772 | D:2      | Reached skill level 4 in Long Blades
   999 | D:2      | Reached XP level 4. HP: 30/33 MP: 4/4
  1356 | D:2      | Reached skill level 5 in Long Blades
  1500 | D:2      | Gained mutation: You have a somewhat thin skeletal structure. (Dex +2, Stealth) [demonic ancestry]
  1500 | D:2      | Reached XP level 5. HP: 28/38 MP: 3/5
  1516 | D:2      | Found a burning altar of Makhleb.
  2467 | D:3      | Found a sacrificial altar of Ru.
  2642 | D:4      | Found a stormy altar of Qazlal.
  2701 | D:4      | Reached skill level 6 in Long Blades
  2705 | D:4      | Gained mutation: You have a pair of small horns on your head. [demonic ancestry]
  2705 | D:4      | Reached XP level 6. HP: 31/44 MP: 3/6
  2838 | D:4      | Found an opulent altar of Gozag.
  2909 | D:4      | Noticed Dowan
  2949 | D:4      | Noticed Duvessa
  3287 | D:4      | Found a sparkling altar of Nemelex Xobeh.
  3362 | D:5      | Entered Level 5 of the Dungeon
  3368 | D:5      | Reached skill level 7 in Long Blades
  3374 | D:5      | Noticed a sky beast
  3397 | D:5      | Killed a sky beast
  3397 | D:5      | Reached XP level 7. HP: 31/50 MP: 4/7
  3402 | D:5      | Gained mutation: You can translocate small distances at will. [mutagenic meat]
  3403 | D:5      | Gained mutation: You evolve. [mutagenic meat]
  3548 | D:5      | Reached skill level 8 in Long Blades
  3809 | D:5      | Found a bloodstained altar of Trog.
  4247 | D:5      | Reached XP level 8. HP: 40/56 MP: 4/8
  4379 | D:5      | Reached skill level 9 in Long Blades
  4808 | D:5      | Gained mutation: You are covered in fur. (AC +1) [evolution]
  4990 | D:6      | Found an ancient bone altar of Kikubaaqudgha.
  4995 | D:6      | Reached skill level 5 in Dodging
  5034 | D:6      | Noticed bullock's ghost (novice OpWz)
  5052 | D:6      | Killed bullock's ghost
  5235 | D:6      | Found a burning altar of Makhleb.
  5276 | D:6      | Noticed a hornet
  5291 | D:6      | Killed a hornet
  5291 | D:6      | Reached XP level 9. HP: 27/61 MP: 4/9
  6344 | D:7      | Found a staircase to the Ecumenical Temple.
  6382 | Temple   | Entered the Ecumenical Temple
  6435 | Temple   | Became a worshipper of Uskayaw the Reveler
  6460 | D:7      | Reached * piety under Uskayaw
  6463 | D:7      | Reached ** piety under Uskayaw
  7010 | D:7      | Noticed Joseph
  7036 | D:7      | Reached *** piety under Uskayaw
  7041 | D:7      | Killed Joseph
  7150 | D:7      | Noticed Pikel
  7255 | D:8      | Lost mutation: You can translocate small distances at will. [evolution]
  7582 | D:8      | Found a radiant altar of Vehumet.
  7916 | D:8      | Found a snail-covered altar of Cheibriados.
  7980 | D:8      | Reached XP level 10. HP: 49/71 MP: 7/10
  8599 | D:9      | Reached skill level 5 in Fighting
  8908 | D:9      | Found Jyci Zam's Food Emporium.
  8946 | D:9      | Reached **** piety under Uskayaw
  9089 | D:9      | Found a glowing silver altar of Zin.
  9169 | D:9      | Found a shadowy altar of Dithmenos.
  9258 | D:9      | Noticed Grum
  9268 | D:9      | Killed Grum
  9268 | D:9      | Reached ***** piety under Uskayaw
  9556 | D:9      | Noticed Psyche
  9561 | D:9      | Killed Psyche
  9633 | D:7      | Killed Pikel
  9816 | D:4      | Killed Duvessa
  9818 | D:4      | Killed Dowan
  9964 | D:10     | Entered Level 10 of the Dungeon
  9966 | D:10     | Noticed a hill giant
  9981 | D:9      | Killed a hill giant
  9981 | D:9      | Reached XP level 11. HP: 90/90 MP: 11/11
  9992 | D:9      | Reached skill level 10 in Fighting
 10025 | D:10     | Reached ****** piety under Uskayaw
 10397 | D:10     | Found a staircase to the Lair.
 10506 | D:10     | Noticed a hill giant
 10516 | D:10     | Killed a hill giant
 11175 | D:10     | Reached skill level 1 in Invocations
 11446 | D:11     | Reached skill level 5 in Invocations
 11643 | D:11     | Got a bloodstained robe
 11660 | D:11     | Identified the +1 robe "Jimnacvyow" {rElec MR+ Int-3 Slay+3} (You found it on level 11 of the Dungeon)
 11914 | D:11     | Found a staircase to the Orcish Mines.
 12432 | D:12     | Noticed a centaur warrior
 12526 | Lair:1   | Entered Level 1 of the Lair of Beasts
 12662 | Lair:1   | Reached skill level 10 in Long Blades
 12919 | D:10     | Gained mutation: You sometimes gain a little power by taking damage. [demonic ancestry]
 12919 | D:10     | Reached XP level 12. HP: 67/100 MP: 10/17
 13611 | Lair:1   | Reached skill level 11 in Long Blades
 13869 | Lair:1   | Gained mutation: You passively map a small area around you. [evolution]
 13925 | Lair:2   | Noticed a four-headed hydra
 13939 | Lair:2   | Killed an eight-headed hydra
 14154 | Orc:1    | Entered Level 1 of the Orcish Mines
 14155 | Orc:1    | Upgraded the game from 0.19.0-22-gd96e5fe to 0.19.0-24-gb05acd6
 14440 | Orc:2    | Entered Level 2 of the Orcish Mines
 14445 | Orc:2    | Found Ojanwucs's General Store.
 14534 | Orc:2    | Found a staircase to the Elven Halls.
 15186 | Orc:2    | Reached skill level 12 in Long Blades
 15247 | Orc:2    | Found Vago's Food Boutique.
 15247 | Orc:2    | Found Xioj's Antique Armour Boutique.
 15247 | Orc:2    | Noticed an orc high priest
 15604 | Orc:2    | Killed an orc high priest
 15980 | Orc:2    | Reached skill level 13 in Long Blades
 15999 | Orc:2    | Found Liafel's Jewellery Shop.
 16007 | Orc:2    | Found Garhicw's Magic Scroll Shop.
 16014 | Orc:2    | Bought a scroll of identify for 28 gold pieces
 16017 | Orc:2    | Bought a colourful robe for 165 gold pieces
 16027 | Orc:2    | Identified the cursed +1 robe of Bithuolu {+Blink MP-9 Int+3} (You bought it in a shop on level 2 of the Orcish Mines)
 16689 | Lair:2   | Noticed Gastronok
 16703 | Lair:2   | Found a staircase to the Swamp.
 16708 | Lair:2   | Killed Gastronok
 16708 | Lair:2   | Reached XP level 13. HP: 42/106 MP: 8/18
 17050 | Lair:2   | Found a hole to the Spider Nest.
 17159 | Lair:2   | Reached skill level 14 in Long Blades
 18202 | D:12     | Gained mutation: Your mind is acute. (Int +2) [evolution]
 18363 | D:12     | Found Vyutuc's Jewellery Shop.
 18379 | D:12     | Reached skill level 10 in Dodging
 18421 | D:12     | Lost mutation: Your mind is acute. (Int +2) [mutagenic meat]
 18854 | D:13     | Noticed Azrael
 19072 | D:13     | Killed Azrael
 20915 | Lair:4   | Got an encrusted large shield
 20926 | Lair:4   | Identified the +2 large shield of Generosity {rPois Int+4} (You found it on level 4 of the Lair of Beasts)
 21159 | Lair:5   | Reached skill level 1 in Armour
 21426 | Lair:5   | Gained mutation: You have a pair of horns on your head. [demonic ancestry]
 21426 | Lair:5   | Reached XP level 14. HP: 100/113 MP: 17/19
 22110 | Lair:6   | Entered Level 6 of the Lair of Beasts
 22187 | Lair:6   | Reached skill level 5 in Armour
 22379 | Lair:6   | Gained mutation: You have large cloven feet. [evolution]
 22910 | Spider:1 | Entered Level 1 of the Spider Nest
 22914 | Spider:1 | Noticed Kirke
 22924 | Spider:1 | Killed Kirke
 24063 | Spider:1 | Noticed an entropy weaver
 24264 | Spider:1 | Killed an entropy weaver
 24264 | Spider:1 | Reached skill level 5 in Shields
 24700 | Spider:2 | Noticed an entropy weaver
 24770 | Spider:1 | HP: 5/113 [poisoned by a wolf spider]
 24775 | Spider:1 | HP: 4/113 [poisoned by a wolf spider]
 24781 | Spider:1 | HP: 4/113 [poisoned by a wolf spider]
 24787 | Spider:1 | HP: 3/113 [poisoned by a wolf spider]
 24795 | Spider:1 | HP: 3/113 [poisoned by a wolf spider]
 25204 | Spider:1 | Upgraded the game from 0.19.0-24-gb05acd6 to 0.19.1
 25236 | Spider:1 | Killed an entropy weaver
 25471 | Spider:1 | Reached XP level 15. HP: 24/119 MP: 10/20
 27589 | Spider:3 | Reached skill level 10 in Shields
 27653 | Spider:3 | Noticed Arachne
 27676 | Spider:3 | Killed Arachne
 28152 | Spider:4 | Entered Level 4 of the Spider Nest
 28191 | Spider:4 | Reached skill level 15 in Long Blades
 28448 | Spider:4 | Gained mutation: You possess an exceptional clarity of mind. [evolution]
 28508 | Spider:4 | HP: 7/178 [poisoned by an emperor scorpion]
 28510 | Spider:4 | HP: 1/119 [poisoned by an emperor scorpion]
 28511 | Spider:4 | Succumbed to an emperor scorpion's poison

Skill      XL: |  1  2  3  4  5  6  7  8  9 10 11 12 13 14 15 |
---------------+----------------------------------------------+-----
Long Blades    | 3 4 5 6 7 8 9 10 13 14 15 | 15.5
Dodging        | 7 9 12 | 12.1
Shields        | 4 8 10 | 10.0
Fighting       | 3 9 11 | 11.6
Invocations    | 7 |  7.6
Armour         | 3 9 |  9.0
Throwing       | |  1.7

Action                   |  1- 3 |  4- 6 |  7- 9 | 10-12 | 13-15 || total
-------------------------+-------+-------+-------+-------+-------++-------
Melee: Long sword        |    90 |   166 |   323 |    15 |       ||   594
       Headbutt          |       |     7 |   114 |   212 |   367 ||   700
       Falchion          |       |       |    53 |   653 |  1106 ||  1812
       Kick              |       |       |       |       |   367 ||   367
       Scimitar          |       |       |       |       |     5 ||     5
Invok: Stomp             |       |       |     3 |    12 |     8 ||    23
       Line Pass         |       |       |     1 |     8 |    11 ||    20
       Grand Finale      |       |       |       |       |     2 ||     2
 Abil: Evoke Berserk Rag |       |       |       |       |     6 ||     6
Evoke: Wand              |       |       |     2 |     1 |    17 ||    20
       Disc of storms    |       |       |       |       |     1 ||     1
  Use: Potion            |       |     4 |     2 |       |    17 ||    23
       Scroll            |       |     4 |    16 |    12 |     2 ||    34
 Stab: Sleeping          |     2 |     1 |       |       |     4 ||     7
       Paralysed         |       |       |     3 |    58 |   104 ||   165
       Confused          |       |       |       |     1 |     2 ||     3
       Distracted        |       |       |       |     2 |     3 ||     5
  Eat: Chunk             |       |     8 |    17 |    30 |    24 ||    79
       Beef jerky        |       |       |     1 |     2 |     5 ||     8
       Meat ration       |       |       |       |     1 |     3 ||     4
       Pizza             |       |       |       |     1 |     2 ||     3
Armor: Leather armour    |    36 |    22 |       |       |       ||    58
       Chain mail        |       |    16 |   152 |    85 |       ||   253
       Robe              |       |       |       |    59 |    30 ||    89
       Pearl dragon scal |       |       |       |       |   338 ||   338
Dodge: Dodged            |    70 |    95 |   145 |   396 |   562 ||  1268
Block: Buckler           |       |    14 |    65 |   177 |    58 ||   314
       Large shield      |       |       |       |       |   930 ||   930
       Rpst.: Long sword |    26 |    26 |    45 |       |       ||    97
       Falchion          |       |       |     5 |    97 |   104 ||   206
       Scimitar          |       |       |       |       |     1 ||     1
